Map: Chantier naval orbital

Players

Worming - Winner!

  • Race: Zerg Zerg
  • League: Diamond

Sirex

  • Race: Terran Terran
  • League: Platinum

VOD

Have the link to the VOD?

Description

Time

  • Played on: Nov. 15, 2015, 7:54 a.m.
  • Length: 17:09
Show
View Real Time Build Order
Export as new Build Order

Worming Zerg - Winner!

Build Orders: Hatch First, Muta Ling Bane 

Get SALT Encoding   

  12  0:01  Drone  
  13  0:13  Overlord  
  13  0:18  Drone  
  14  0:31  Drone x2  
  16  0:50  Hatchery  
  16  0:53  Drone  
  16  0:55  Drone  
  17  1:01  Drone  
  18  1:12  Spawning Pool  
  18  1:14  Drone  
  18  1:18  Drone  
  19  1:29  Drone  
  20  1:40  Hatchery  
  20  1:45  Overlord  
  19  1:50  Drone  
  20  2:03  Queen  
  20  2:07  Drone  
  23  2:10  Queen  
  23  2:13  Zergling x2  
  26  2:16  Drone  
  26  2:18  Drone  
  28  2:23  Drone, Extractor  
  28  2:31  Drone  
  29  2:39  Drone  
  30  2:49  Drone x3  
  33  2:53  Queen  
  33  2:55  Drone  
  36  3:07  Drone x2  
  36  3:09  Overlord  
  36  3:10  Drone  
  39  3:16  Drone x3  
  42  3:23  Overlord  
  42  3:53  Drone x13  
  55  3:56  Extractor  
  55  3:57  Lair, Extractor  
  55  3:58  Roach Warren  
  55  3:59  Metabolic Boost  
  52  4:05  Overlord  
  52  4:10  Extractor  
  52  4:14  Overlord  
  52  4:15  Zergling x8  
  55  4:22  Drone x3  
  58  4:27  Drone x3  
  58  4:31  Overlord  
  61  4:32  Spine Crawler  
  61  4:35  Overlord  
  61  4:37  Zergling x2  
  61  4:38  Zergling x4  
  60  4:44  Zergling x4, Roach x3  
  64  4:57  Zergling x4, Roach x3  
  68  5:14  Drone x7  
  71  5:17  Spire  
  71  5:19  Baneling Nest  
  69  5:22  Evolution Chamber  
  69  5:23  Evolution Chamber  
  69  5:25  Overlord x2  
  67  5:29  Extractor  
  67  5:30  Drone  
  67  5:31  Drone x2  
  69  5:35  Glial Reconstitution  
  69  5:41  Drone  
  69  5:42  Drone x2  
  72  5:43  Drone  
  73  5:50  Zerg Melee Weapons Level 1, Zerg Ground Armor Level 1  
  73  5:54  Queen  
  75  6:00  Extractor  
  75  6:01  Drone x3  
  77  6:08  Centrifical Hooks  
  77  6:09  Overlord  
  77  6:10  Zergling x12  
  81  6:25  Drone  
  82  6:28  Drone x5  
  82  6:29  Zerg Flyer Weapons Level 1, Mutalisk  
  82  6:30  Mutalisk x2  
  93  6:43  Drone  
  92  6:52  Baneling  
  92  6:53  Baneling  
  89  7:05  Pneumatized Carapace  
  89  7:06  Drone x4  
  89  7:08  Overlord, Mutalisk x3  
  92  7:18  Overlord  
  92  7:19  Overlord  
  92  7:25  Drone x3, Hatchery  
  92  7:26  Infestation Pit  
  93  7:33  Zergling x18  
  102  7:51  Hatchery  
  99  8:13  Zerg Melee Weapons Level 2, Zerg Ground Armor Level 2  
  99  8:15  Hive, Overlord x2  
  99  8:16  Overlord, Mutalisk x7  
  99  8:18  Zergling x2  
  99  8:19  Zergling x4  
  116  8:30  Overseer  
  82  8:51  Zergling x2  
  82  8:52  Zergling x18  
  83  9:22  Mutalisk  
  83  9:23  Overlord, Mutalisk x2  
  82  9:27  Hatchery  
  72  9:40  Ultralisk Cavern  
  72  9:42  Zergling x8  
  72  9:44  Zergling x6  
  75  9:52  Hatchery  
  74  9:56  Queen x2  
  76  10:00  Overseer  
  76  10:03  Zergling x4  
  78  10:11  Overseer x2  
  78  10:19  Overseer  
  77  10:28  Chitinous Plating  
  77  10:50  Baneling x11  
  77  10:56  Drone x2  
  77  10:57  Drone x2  
  80  10:58  Drone x2  
  80  11:00  Ultralisk  
  80  11:01  Zergling x16  
  97  11:07  Extractor  
  97  11:08  Extractor, Spine Crawler  
  97  11:09  Spine Crawler x2  
  97  11:10  Spine Crawler  
  91  11:34  Spine Crawler  
  91  11:36  Ultralisk Cavern  
  91  11:37  Spine Crawler  
  79  12:00  Drone x4  
  79  12:01  Queen, Drone x2  
  74  12:18  Zergling x20, Ultralisk x2  
  74  12:19  Zergling x4  
  94  12:30  Drone x5  
  100  12:44  Drone x2  
  100  12:47  Drone x3  
  104  12:55  Baneling  
  103  13:03  Overlord x2  
  103  13:10  Ultralisk  
  98  13:28  Ultralisk  
  98  13:31  Drone x2  
  106  13:37  Overlord  
  106  13:51  Hatchery  
  105  14:03  Zergling x2, Ultralisk x2  
  105  14:04  Ultralisk  
  122  14:28  Drone x3  
  122  14:29  Drone x3  
  128  14:34  Ultralisk x2  
  140  14:57  Greater Spire  
  140  15:02  Adrenal Glands  
  140  15:14  Corruptor x3  
  140  15:20  Extractor  
  145  15:21  Zergling x4  
  145  15:22  Zergling x2  
  145  15:26  Infestor x3  
  147  15:39  Zergling x2  
  147  15:40  Zergling x16  
  156  15:43  Corruptor x2  
  160  16:02  Drone x5  
  171  16:12  Brood Lord x3  
  171  16:23  Baneling  
  171  16:33  Zergling x4, Roach x3  
  171  16:34  Zergling x4, Roach x2  
  171  16:39  Hydralisk Den  
Show
View Real Time Build Order
Export as new Build Order

Sirex Terran 

Build Orders: Command Center First (CC), Hellion Opening, MMM Bio 

Get SALT Encoding   

  12  0:09  SCV  
  13  0:17  Supply Depot  
  13  0:21  SCV  
  14  0:33  SCV  
  15  0:45  SCV  
  16  0:57  SCV  
  16  1:02  Command Center  
  17  1:08  Refinery  
  17  1:10  SCV  
  18  1:21  Barracks  
  18  1:24  SCV  
  19  1:32  Refinery  
  19  1:36  SCV  
  20  1:49  SCV  
  21  2:01  SCV  
  22  2:09  Factory  
  22  2:12  Barracks Reactor  
  22  2:16  Orbital Command  
  22  2:18  SCV  
  23  2:37  Orbital Command  
  22  2:44  Supply Depot  
  22  2:57  Barracks  
  22  2:59  Hellion x2  
  22  3:00  Barracks Tech Lab  
  22  3:02  SCV  
  28  3:05  SCV  
  28  3:13  Supply Depot  
  28  3:14  SCV  
  29  3:20  Hellion, SCV  
  29  3:21  Hellion  
  29  3:26  Marine, SCV  
  36  3:29  Stimpack  
  35  3:42  Hellion x2, SCV x2  
  40  3:49  Marine  
  40  3:50  Marine  
  42  3:59  SCV  
  42  4:00  Command Center  
  43  4:12  Refinery  
  43  4:14  Hellion x2  
  47  4:18  Starport, SCV  
  47  4:23  Supply Depot  
  48  4:27  Marine x2  
  44  5:16  Hellion x2  
  44  5:20  Orbital Command  
  48  5:22  Starport Reactor  
  48  5:29  Engineering Bay  
  48  5:30  Engineering Bay  
  48  5:31  Supply Depot  
  48  5:36  Orbital Command  
  48  5:37  SCV  
  48  5:38  SCV  
  48  5:41  Marine  
  48  5:42  Refinery, Marine  
  52  5:47  Barracks x2  
  52  5:49  Combat Shields  
  52  5:50  Barracks  
  52  5:51  Hellion x2  
  56  6:00  Medivac x2  
  56  6:02  Marine  
  56  6:03  Terran Infantry Weapons Level 1, Marauder  
  63  6:09  SCV  
  64  6:11  Terran Infantry Armor Level 1  
  64  6:24  Barracks Tech Lab  
  64  6:25  Marauder  
  66  6:27  Widow Mine x2  
  66  6:28  SCV  
  66  6:31  Armory, SCV x2  
  73  6:40  SCV  
  73  7:15  SCV x2  
  73  7:16  SCV  
  73  7:18  Medivac, Barracks Tech Lab  
  73  7:19  Medivac, Widow Mine  
  73  7:20  Widow Mine  
  73  7:22  Terran Vehicle And Ship Armor Level 1  
  83  7:27  Refinery, SCV  
  83  7:28  SCV  
  85  7:31  Missile Turret  
  85  7:35  Missile Turret  
  85  7:36  Missile Turret  
  85  7:37  Refinery  
  85  7:41  SCV  
  85  7:42  Missile Turret  
  85  7:43  Missile Turret  
  85  7:46  Marine  
  85  7:57  Marine  
  85  8:14  Missile Turret  
  85  8:28  Marine  
  85  8:29  SCV  
  85  8:36  SCV  
  85  8:38  Marine x3  
  85  8:47  SCV  
  85  8:59  Missile Turret  
  85  9:10  Medivac  
  85  9:14  SCV  
  85  9:15  SCV  
  85  9:16  Marine x2, SCV  
  85  9:17  Marine  
  85  9:18  Marine  
  85  9:21  Marine  
  85  9:23  Medivac  
  84  9:25  Hellbat  
  84  9:34  Marine  
  84  9:35  Hellbat, Marine x2  
  85  9:40  Marine x2  
  81  9:46  Hellbat  
  81  9:51  Marine  
  82  9:53  Marauder  
  82  9:54  Terran Infantry Weapons Level 2  
  82  9:55  Terran Infantry Armor Level 2  
  82  9:57  Marine  
  85  10:05  Marauder  
  85  10:06  Medivac  
  85  10:19  Command Center  
  85  10:27  Medivac  
  85  10:32  Marine  
  85  10:33  Marine  
  85  10:34  Missile Turret  
  85  10:35  Marine  
  85  11:22  Marine  
  85  11:23  Marine  
  85  11:24  Marine, Marauder  
  85  11:25  Marine  
  75  11:40  Marine x2  
  75  11:42  Marine x2  
  75  11:44  Marine  
  78  11:58  Marine x2  
  78  11:59  Marine  
  78  12:00  Marine  
  81  12:02  Marine  
  73  12:18  Marauder  
  73  12:19  Marauder  
  73  12:21  Barracks Tech Lab  
  73  12:23  Medivac x2  
  73  12:27  SCV x2  
  73  12:28  Factory  
  77  12:30  Barracks  
  77  12:31  Factory, SCV  
  77  12:32  Barracks  
  77  12:33  Barracks  
  77  12:34  Barracks, Factory  
  77  12:36  Marine  
  75  12:39  SCV  
  75  12:40  Marauder x2  
  75  12:43  SCV x2  
  80  12:51  Marine x2  
  80  12:54  Marine  
  83  13:01  Marauder  
  85  13:07  Command Center  
  85  13:08  Command Center  
  85  13:13  Marine  
  62  13:27  Marauder  
  62  13:28  Barracks Tech Lab x2  
  62  13:29  Barracks Tech Lab  
  64  13:34  Marine  
  64  13:35  Factory Tech Lab x3, Command Center, Marauder x2  
  64  13:39  Supply Depot  
  64  13:40  Supply Depot  
  69  13:49  Marauder x3, Marine  
  59  14:11  Marauder x4, Marine  
  61  14:22  Thor x3  
  75  14:24  Widow Mine  
  75  14:25  Widow Mine  
  75  14:30  Marauder  
  76  14:44  Terran Vehicle And Ship Armor Level 2  
  76  14:45  SCV  
  76  14:46  Supply Depot  
  77  14:54  Marauder x2  
  77  14:55  Marine x2, Marauder  
  85  15:12  Thor  
  85  15:13  Thor x2  
  103  15:14  Marine  
  103  15:15  Marine  
  103  15:16  Marauder x2  
  109  15:21  Orbital Command  
  109  15:39  Barracks Tech Lab  
  109  15:47  SCV, Marauder, Marine x3  
  109  15:48  Supply Depot, Marauder  
  109  15:49  Supply Depot x2  
  117  16:02  Medivac x2, SCV  
  122  16:08  Marine  
  123  16:25  SCV  
  124  16:26  Refinery, Marine x6  
  124  16:28  Refinery  
Tags
 
Add a new tag
Caveats
  • Supply blocks, unpowered buildings, or Contaminate may cause inaccurate times.
  • Supply counts are checked every 10 seconds.